 Dungeon Crawl Stone Soup version 0.25-a0-73-g9796ba8d15 (webtiles) character file.

Game seed: 8943152590487940104, levelgen mode: deterministic

370 Amnesiac the Changer (level 6, -9/28 HPs)
             Began as a Vine Stalker Earth Elementalist on Nov 5, 2019.
             Was a Follower of Dithmenos.
             Mangled by an ogre
             ... wielding a +0 giant club
              (14 damage)
             ... on level 3 of the Dungeon.
             The game lasted 00:08:34 (3401 turns).

Amnesiac the Changer (VSEE)                         Turns: 3401, Time: 00:08:34

Health: -9/28      AC:  6    Str: 14    XL:     6   Next: 70%
Magic:  0/13       EV: 12    Int: 15    God:    Dithmenos [*.....]
Gold:   166        SH:  0    Dex: 16    Spells: 6/13 levels left

rFire    . . .     SeeInvis .   s - +1 dagger
rCold    . . .     Gourm    .   (no shield)
rNeg     . . .     Faith    .   c - +0 robe
rPois    .         Spirit   +   (no helmet)
rElec    .         Reflect  .   (no cloak)
rCorr    .         Harm     .   g - +2 pair of gloves {Str+3}
MR       .....                  f - +0 pair of boots
Stlth    ++........             u - amulet of the acrobat
HPRegen  0.49/turn              (no ring)
MPRegen  0.13/turn              (no ring)

@: very slightly contaminated, wreathed by umbra
A: fangs 2, regeneration 1, magic shield, antimagic bite, no potion heal 3, rot
immunity
a: Renounce Religion


You were on level 3 of the Dungeon.
You worshipped Dithmenos.
Dithmenos was aware of your devotion.
You were full.

You visited 1 branch of the dungeon, and saw 4 of its levels.

You collected 166 gold pieces.

Inventory:

Hand Weapons
 s - a +1 dagger (weapon)
Missiles
 b - 164 stones (quivered)
Armour
 c - a +0 robe (worn)
 f - a +0 pair of boots (worn)
 g - a +2 pair of gloves of strength (worn)
Jewellery
 u - an amulet of the acrobat (around neck)
Scrolls
 h - 3 scrolls of amnesia {!r, unknown}
 i - a scroll of enchant weapon {!r}
 j - a scroll of remove curse {!r}
 k - a scroll of magic mapping {!r, unknown}
 l - a scroll of blinking {!r, unknown}
 m - a scroll of fear {!r, unknown}
 o - 4 scrolls of identify {!r}
 p - 3 scrolls of teleportation {!r, unknown}
 q - a scroll of immolation {!r, unknown}
Potions
 a - 2 potions of lignification {!q, unknown}
 e - a potion of curing {!q}
 n - 2 potions of heal wounds {!q, unknown}
 r - 2 potions of ambrosia {!q, unknown}
 t - a potion of brilliance {!q, unknown}
Comestibles
 d - 7 rations


   Skills:
 - Level 2.4 Short Blades
 - Level 1.5 Dodging
 - Level 2.4 Stealth
 + Level 4.0 Spellcasting
 + Level 4.0 Transmutations
 + Level 4.0 Earth Magic


You had 6 spell levels left.
You knew the following spells:

 Your Spells              Type           Power        Failure   Level  Hunger
a - Sandblast             Erth           ###...       3%          1    None
b - Passwall              Tmut/Erth      ###.....     5%          2    ##.....
e - Petrify               Tmut/Erth      ###.....     34%         4    ####...

Your spell library contained the following spells:

 Spells                   Type           Power        Failure   Level  Hunger
 Stone Arrow              Conj/Erth      #.....       24%         3    ###....
 Lee's Rapid Deconstruct  Erth           ###.......   67%         5    ######.


Dungeon Overview and Level Annotations

Branches:
Dungeon (4/15)
 Temple: D:4-7

Altars:
Dithmenos
Qazlal
Ru
Sif Muna
Trog
Yredelemnul
Zin


Innate Abilities, Weirdness & Mutations

You have extremely sharp teeth.
Your natural rate of healing is unusually fast.
When hurt, damage is shared between your health and your magic reserves.
Your bite disrupts and absorbs the magic of your enemies.
Potions cannot restore your health.
You are immune to rotting.


Message History

The jackal barely misses you.
The jackal bites you but does no damage.
The ogre completely misses you. The jackal completely misses you.
Found a stone staircase leading up.
The jackal completely misses you. The jackal completely misses you.
Found an escape hatch in the ceiling.
The jackal barely misses you.
Found 26 bolts.
The jackal misses you.
Found a glowing chain mail.
The jackal completely misses you.
Casting: Petrify (quite dangerous; 34% risk of failure)
Confirm with . or Enter, or press ? or * to list all spells.
Aiming: Petrify (quite dangerous; 34% risk of failure)
Press: ? - help, Shift-Dir - straight line, f/p - ogre
Aim: an ogre, wielding a +0 giant club (moderately wounded, chance to defeat MR: 46%)
The ogre resists with some effort.
The jackal bites you but does no damage.
The jackal misses you.
There is an escape hatch in the ceiling here.
The jackal bites you but does no damage.
The ogre closely misses you. A mysterious force pulls you upwards.
The hatch slams shut behind you.
You hit the jackal.
The jackal is heavily wounded.
The jackal closely misses you.
You hit the jackal but do no damage. You bite the jackal, but do no damage.
The jackal is heavily wounded.
The jackal closely misses you. The ogre barely misses you.
The jackal barely misses you.
You barely miss the jackal. You bite the jackal. You drain its power.
You feel invigorated.
The jackal is severely wounded.
The jackal closely misses you. The ogre closely misses you.
You barely miss the jackal.
The jackal is severely wounded.
The jackal bites you but does no damage.
You barely miss the jackal.
The jackal is severely wounded.
The ogre closely misses you. The jackal barely misses you.
You hit the jackal.
You kill the jackal!
Dithmenos accepts your kill. The ogre barely misses you.
You barely miss the ogre. You bite the ogre, but do no damage.
The ogre is moderately wounded.
You hit the ogre. You bite the ogre, but do no damage.
The ogre is heavily wounded.
The ogre barely misses you.
You hit the ogre.
The ogre is severely wounded.
The ogre hits you with a +0 giant club!!
Ouch! That really hurt!
* * * LOW HITPOINT WARNING * * *
You hit the ogre. You bite the ogre. You drain its power.
You feel invigorated.
The ogre is severely wounded.
You closely miss the ogre. You bite the ogre. You drain its power.
You feel invigorated.
The ogre is severely wounded.
The ogre hits you with a +0 giant club!!
Ouch! That really hurt!
You die...

###### ....>#
#.##.#################
...............O@†..<#
.....#################
.....# .....# .....#
#.#..# #.#..# ..#..#
######## ..#..#
#......#


You could see an ogre.

Vanquished Creatures
  An ogre (D:4)
  2 orc priests
  An iguana (D:4)
  2 orc wizards
  A worker ant (D:4)
  4 adders
  A worm (D:2)
  6 dart slugs
  7 orcs
  A giant cockroach (D:1)
  10 hobgoblins
  6 jackals
  8 kobolds
  3 quokkas
  4 bats
  4 frilled lizards
  3 goblins
  A quokka skeleton (D:4)
  8 rats
73 creatures vanquished.

Notes
Turn   | Place    | Note
-------+----------+-------------------------------------------
     0 | D:1      | Amnesiac the Vine Stalker Earth Elementalist began the
                  | quest for the Orb.
     0 | D:1      | Reached XP level 1. HP: 9/9 MP: 4/4
   140 | D:1      | Reached XP level 2. HP: 3/13 MP: 1/6
   147 | D:1      | Learned a level 2 spell: Passwall
   445 | D:1      | Reached skill level 1 in Short Blades
   677 | D:1      | Reached XP level 3. HP: 9/16 MP: 3/8
  1394 | D:3      | Found a shadowy altar of Dithmenos.
  1403 | D:3      | Became a worshipper of Dithmenos the Shadowed
  1694 | D:2      | Found a basalt altar of Yredelemnul.
  1695 | D:2      | Found a shimmering blue altar of Sif Muna.
  1696 | D:2      | Found a glowing silver altar of Zin.
  1696 | D:2      | Found a bloodstained altar of Trog.
  1700 | D:2      | Gained mutation: Your natural rate of healing is unusually
                  | fast. [Vine Stalker growth]
  1700 | D:2      | Reached XP level 4. HP: 21/21 MP: 9/9
  1791 | D:2      | Found a sacrificial altar of Ru.
  2031 | D:3      | Noticed an air elemental
  2032 | D:3      | Found a stormy altar of Qazlal.
  2033 | D:3      | Noticed a fire elemental
  2033 | D:3      | Noticed an earth elemental
  2033 | D:3      | Noticed a water elemental
  2413 | D:3      | Reached XP level 5. HP: 13/24 MP: 6/10
  2762 | D:3      | Found a faded altar of an unknown god.
  2768 | D:3      | Learned a level 4 spell: Petrify
  2961 | D:4      | Noticed an ogre
  2970 | D:4      | Killed an ogre
  2970 | D:4      | Reached * piety under Dithmenos
  2970 | D:4      | Reached XP level 6. HP: 28/28 MP: 10/12
  3401 | D:3      | Mangled by an ogre

Levels and vault maps discovered:
D:1:      minmay_arrival_four_houses, layout_rooms
D:2:      layout_basic, chequers_temple_overflow_statue_of_worship,
          nicolae_ru_path_of_blood, minmay_hedge_maze,
          chequers_serial_rivers_small_b
D:3:      layout_basic, grunt_dithmenos_smoke, nicolae_qazlal_style_of_elements,
          chequers_ecumenical_altar_lobes, first_ration
D:4:      layout_rooms, elyvilon_altar_3, serial_glass, glass_columns_c,
          glass_columns_c

Skill      XL: |  1  2  3  4  5  6 |
---------------+-------------------+-----
Spellcasting   | 3 4 |  4.0
Short Blades   | 1 2 |  2.4
Transmutations | 2 3 4 |  4.0
Earth Magic    | 4 |  4.0
Dodging        | |  1.5
Stealth        | |  2.4

Action                   |  1- 3 |  4- 6 || total
-------------------------+-------+-------++-------
Melee: Unarmed           |    20 |       ||    20
       Short sword       |   106 |       ||   106
       Bite              |    32 |    71 ||   103
       Dagger            |     4 |   211 ||   215
Throw: Stone             |       |     1 ||     1
 Cast: Sandblast         |       |     2 ||     2
       Petrify           |       |     7 ||     7
  Use: Scroll            |     3 |       ||     3
       Potion            |     1 |       ||     1
 Stab: Sleeping          |     2 |     2 ||     4
       Petrified         |       |     4 ||     4
       Distracted        |       |     1 ||     1
  Eat: Chunk             |     3 |    19 ||    22
Armor: Robe              |    24 |    56 ||    80
Dodge: Dodged            |    79 |   224 ||   303

Table legend:
 A = Non-vault XP
 B = Vault XP
 C = Vault XP percentage of total XP
 D = Non-vault monster count
 E = Vault monster count
 F = Vault count percentage of total count
                 A         B        C        D         E       F
            +---------+---------+-------+---------+---------+-------
      Total |     529 |       0 |   0.0 |      73 |       0 |   0.0
            +---------+---------+-------+---------+---------+-------
        D:1 |      44 |       0 |   0.0 |      23 |       0 |   0.0
        D:2 |      46 |       0 |   0.0 |      18 |       0 |   0.0
        D:3 |     131 |       0 |   0.0 |      17 |       0 |   0.0
        D:4 |     308 |       0 |   0.0 |      15 |       0 |   0.0
            +---------+---------+-------+---------+---------+-------
